AoeStats
← Mike

Arabia

507908691Analyzed
1v1 RM · 12d ago on Sep 20, 2026· 20m 41s· 2 players
Game mode
Random Map
Map size
Tiny (2 player)
Population
200
Speed
Normal
Resources
Standard
Victory
Conquest
Starting age
Dark Age
Ending age
Imperial Age
RankedLock teamsTeams togetherTeam positionsShared explorationLock speedFull tech treeHidden civsTurbo modeCheats
Victory
Defeat
🇩🇪 Armenians · Germany
1136
+15
🇦🇷 Byzantines · Argentina
1116
-15
HernanJC
8:00 Loom
10:15 Feudal Age
20:50 Fletching
Mike
7:15 Loom
9:58 Feudal Age
10:25 Man-at-Arms
12:12 Long Swordsman
14:30 Arson
16:47 Scale Mail Armor
18:25 Padded Archer Armor
18:15 Fletching
19:21 Double-Bit Axe
Connection lost

Rejoining the realm…

Still unreachable

The connection could not be restored.

Session expired

The server has moved on; the page needs a fresh start.